 Dungeon Crawl Stone Soup version 0.32-a0-629-g87aaac5c70 (webtiles) character file.

Game seed: 7988300453665998687

1574 GeoRichter the Geomancer (level 8, 0/56 HPs)
             Began as a Mountain Dwarf Reaver on Mar 6, 2024.
             Was a Believer of Hepliaklqana.
             Slain by an orc
             ... wielding a +0 club
              (3 damage)
             ... on level 6 of the Dungeon.
             The game lasted 00:12:29 (5167 turns).

GeoRichter the Geomancer (Mountain Dwarf Reaver)    Turns: 5167, Time: 00:12:30

Health: 0/56       AC:  7    Str: 15    XL:     8   Next: 59%
Magic:  6/14       EV: 10    Int: 16    God:    Hepliaklqana [**....]
Gold:   362        SH:  3    Dex:  8    Spells: 10/15 levels left

rFire   . . .        a - +0 hand axe
rCold   . . .        d - +0 buckler
rNeg    . . .        e - +0 ring mail
rPois   .            m - +0 helmet
rElec   .            x - +0 cloak
rCorr   +            (no gloves)
SInv    .            (no boots)
Will    .....        (no amulet) Stlth
                     u - ring of resist corrosion
HPRegen 0.29/turn    (no ring)
MPRegen 0.14/turn

%: no passive effects
@: no status effects
A: reduced essence, runic magic, artefact enchanting
a: Renounce Religion, Recall Ancestor, Ancestor Identity


You were on level 6 of the Dungeon.
You worshipped Hepliaklqana.
Hepliaklqana was pleased with you.
You visited 1 branch of the dungeon, and saw 6 of its levels.

You collected 362 gold pieces.

Inventory:

Hand Weapons
 a - a +0 hand axe (weapon)
Missiles
 b - 6 poisoned darts
Armour
 d - a +0 buckler (worn)
   (You found it on level 1 of the Dungeon)
 e - a +0 ring mail (worn)
   (You found it on level 1 of the Dungeon)
 m - a +0 helmet (worn)
   (You found it on level 2 of the Dungeon)
 x - a +0 cloak (worn)
   (You found it on level 4 of the Dungeon)
 C - a scarf of invisibility
   (You found it on level 6 of the Dungeon)
Jewellery
 t - a ring of fire
   (You found it on level 3 of the Dungeon)
 u - a ring of resist corrosion (left hand)
   (You found it on level 3 of the Dungeon)
Wands
 s - a wand of paralysis (10)
   (You found it on level 3 of the Dungeon)
 v - a wand of acid (1)
   (You took it off Ijyb on level 3 of the Dungeon)
 y - a wand of iceblast (4)
   (You found it on level 5 of the Dungeon)
Scrolls
 c - 2 scrolls of fog
 f - 3 scrolls of blinking {unknown}
 g - 2 scrolls of teleportation {@r4}
 i - a scroll of enchant armour {unknown}
 j - a scroll of enchant weapon {unknown}
 k - a scroll of vulnerability {!r}
 o - a scroll of identify {unknown}
 p - 2 scrolls of butterflies {unknown}
 q - 2 scrolls of fear
Potions
 l - a potion of lignification {!q}
 n - 2 potions of degeneration {unknown}
 r - 2 potions of brilliance {unknown}
 w - 3 potions of curing {unknown}
 z - a potion of mutation {unknown}
 A - a potion of haste {unknown}
 B - a potion of magic {unknown}


   Skills:
 - Level 3.3 Fighting
 - Level 5.4 Axes
 - Level 1.3 Dodging
 - Level 4.1 Spellcasting
 + Level 4.2 Conjurations
 * Level 8.8 Earth Magic


You had 10 spell levels left.
You knew the following spells:

 Your Spells              Type           Power      Damage    Failure   Level
a - Kiss of Death         Conj/Necr      40%        2d8       12%         1
b - Sandblast             Erth           62%        2d14      1%          1
c - Stone Arrow           Conj/Erth      48%        3d10      5%          3

Your spell library contained the following spells:

 Spells                   Type           Power      Damage    Failure   Level
 Passwall                 Erth           31%        N/A       2%          3
 Shock                    Conj/Air       40%        1d5       12%         1
 Momentum Strike          Conj/Tloc      20%        3d8       17%         2
 Static Discharge         Conj/Air       20%        3-4/arc   17%         2
 Brom's Barrelling Bould  Conj/Erth      24%        2d5       19%         4
 Hailstorm                Conj/Ice       10%        3d6       34%         3
 Swiftness                Air            3%         N/A       63%         3
 Airstrike                Air            1%         2d(1-17)  95%         4
 Summon Lightning Spire   Summ/Air       3%         N/A       95%         4


Dungeon Overview and Level Annotations

Branches:
Dungeon (6/15) Zot: 26893
 Temple: D:4-7

Altars:
Cheibriados
Hepliaklqana
Vehumet
Xom

Shops:
D:3 *


Innate Abilities, Weirdness & Mutations

Your life essence is reduced to manifest your ancestor. (-10% HP)
Your spellcasting is much less encumbered by armour.
You can use scrolls of enchantment on lesser artefacts.


Message History

The orc hits Eckog but does no damage.
The orc priest hits Eckog but does no damage.
You hear some strange, mumbled words.
A puff of flame appears from out of thin air!
The puff of flame hits Eckog.
Eckog resists.
Aiming: Sandblast (safe; 1% risk of failure)
Press: ? - help, Q - select action, (/) - cycle Shift-Dir - straight line, p - ice beast Eckog avoids your attack.
The blast of sand misses the orc priest.
The ice beast barely misses you.
You hear some strange, mumbled words.
Eckog appears confused.
The orc priest hits Eckog but does no damage.
The orc barely misses Eckog.
Aiming: Sandblast (safe; 1% risk of failure)
Press: ? - help, Q - select action, (/) - cycle Shift-Dir - straight line The blast of sand hits the orc priest!
You kill the orc priest!
The ice beast hits you but does no damage. x2
You miss something. You hit the ice beast but do no damage.
Eckog hits something with a +0 flail!
Reactivating autopickup.
You feel a bit more experienced. The ice beast misses you.
You hit the orc but do no damage. You hit the ice beast.
The ice beast hits you. The ice beast freezes you!
* * * LOW HITPOINT WARNING * * *
The orc completely misses you.
The orc hits Eckog but does no damage.
Aiming: Corrosive Bolt
Press: ? - help, Shift-Dir - straight line, f - orc
Aim: an orc, wielding a +0 short sword (71% to hit)
The bolt of acid hits the ice beast!
The acid corrodes the ice beast!
The ice beast is severely wounded.
The bolt of acid hits the orc!
The acid corrodes the orc!
You kill the orc!
The ice beast hits you but does no damage.
You barely miss the orc. You hit the ice beast. Eckog hits you with a +0 flail.
* * * LOW HITPOINT WARNING * * *
The ice beast hits you but does no damage.
The orc closely misses you.
Unknown command.
You barely miss the orc. You closely miss the ice beast.
The ice beast hits you.
* * * LOW HITPOINT WARNING * * *
The ice beast freezes you!
* * * LOW HITPOINT WARNING * * *
The orc hits you with a +0 club.
You die...
Hepliaklqana delivers you to your ancestors.

#..# ###
##.#
#.##
#..#
#..#
#..#
#..##
##..#
#@R#
#Yo#
#).#
#)..#
#.....
##.....
........
........
........


You could see the friendly Eckog the knight (confused), an ice beast (corroded,
ally target) and an orc.

Vanquished Creatures
  Grinder (D:4)
  An orc warrior (D:4)
  A phantom (D:6)
  3 scorpions
  Dowan (D:4)
  2 hounds
  A bombardier beetle (D:5)
  A gnoll bouda (D:4)
  An orc priest (D:6)
  An iguana (D:5)
  Ijyb (D:3)
  An orc wizard (D:5)
  2 gnolls (D:4)
  13 adders
  2 ribbon worms
  7 dart slugs
  13 orcs
  13 ball pythons
  5 bats
  8 endoplasms
  5 giant cockroaches
  8 goblins
  7 hobgoblins
  2 jackals (D:2)
  7 kobolds
  5 quokkas
  2 frilled lizards
  5 rats
119 creatures vanquished.

Vanquished Creatures (collateral kills)
  Edmund (D:3)
  Duvessa (D:4)
  A scorpion (D:3)
  A bombardier beetle (D:4)
  An orc priest (D:4)
  An iguana (D:5)
  3 orc wizards
  A gnoll (D:4)
  3 adders (D:4)
  3 orcs
  A ball python (D:4)
  An endoplasm (D:4)
18 creatures vanquished.

Vanquished Creatures (others)
  2 ancestors (D:4)
2 creatures vanquished.

Grand Total: 139 creatures vanquished

Notes
Turn   | Place    | Note
-------+----------+-------------------------------------------
     0 | D:1      | GeoRichter the Mountain Dwarf Reaver began the quest for
                  | the Orb.
     0 | D:1      | Reached XP level 1. HP: 17/17 MP: 3/3
    85 | D:1      | Reached XP level 2. HP: 18/25 MP: 4/4
   415 | D:1      | Reached XP level 3. HP: 30/30 MP: 5/5
   729 | D:2      | Reached skill level 5 in Axes
  1025 | D:2      | Reached XP level 4. HP: 38/38 MP: 6/6
  1799 | D:3      | Reached skill level 1 in Earth Magic
  1804 | D:3      | Learned a level 1 spell: Sandblast
  1856 | D:3      | Found Zaeramn's Assorted Antiques.
  1969 | D:3      | Found a faded altar of an unknown god.
  2130 | D:3      | Prayed at the altar of an unknown god.
  2130 | D:3      | Became a worshipper of Hepliaklqana the Forgotten
  2130 | D:3      | Reached * piety under Hepliaklqana
  2253 | D:3      | Noticed Ijyb
  2267 | D:3      | Killed Ijyb
  2268 | D:3      | Reached skill level 2 in Earth Magic
  2268 | D:3      | Reached XP level 5. HP: 29/40 MP: 8/8
  2454 | D:4      | Noticed Edmund
  2511 | D:3      | Reached skill level 3 in Earth Magic
  2747 | D:3      | Killed Edmund
  2748 | D:3      | Reached skill level 4 in Earth Magic
  2748 | D:3      | Reached XP level 6. HP: 40/45 MP: 8/10
  2848 | D:4      | Noticed Grinder
  2870 | D:4      | Paralysed by Grinder for 3 turns
  2876 | D:4      | Killed Grinder
  2877 | D:4      | Reached skill level 5 in Earth Magic
  2877 | D:4      | Reached XP level 7. HP: 51/51 MP: 10/12
  3215 | D:4      | Reached skill level 6 in Earth Magic
  3506 | D:4      | Noticed Duvessa
  3507 | D:4      | Noticed Dowan
  3533 | D:3      | Found a snail-covered altar of Cheibriados.
  3533 | D:3      | Found a radiant altar of Vehumet.
  3537 | D:3      | Found a shimmering altar of Xom.
  3560 | D:4      | Killed Dowan
  3561 | D:4      | Reached skill level 7 in Earth Magic
  3611 | D:4      | Killed Duvessa
  3612 | D:4      | Reached XP level 8. HP: 13/56 MP: 9/14
  3943 | D:4      | Learned a level 3 spell: Stone Arrow
  4187 | D:5      | Entered Level 5 of the Dungeon
  4387 | D:5      | Reached skill level 8 in Earth Magic
  4770 | D:5      | Reached ** piety under Hepliaklqana
  4771 | D:5      | Remembered your ancestor Eckog as a knight
  5167 | D:6      | Slain by an orc

Illustrated notes

Levels and vault maps discovered:
D:1:      mainiacjoe_arrival_oval_in_oval, layout_basic
D:2:      minmay_wonky_spiral, layout_basic, nicolae_hexahallways,
          minmay_randomly_rotated_circles
D:3:      layout_rooms, nicolae_overflow_hidden_temple,
          ebering_ecumenical_altar_mist, serial_shops, shop,
          dreamdust_wishing_well, uniq_ijyb
D:4:      layout_rooms, minmay_hedge_maze, minmay_snake_closets, uniq_edmund,
          uniq_grinder, uniq_duvessa
D:5:      layout_basic
D:6:      layout_cave_pods, minmay_temple_entry_trees, uniq_maggie

Skill      XL: |  1  2  3  4  5  6  7  8 |
---------------+-------------------------+-----
Axes           | 4 5 |  5.4
Fighting       | 3 |  3.3
Earth Magic    | 2 4 5 7 8 |  8.8
Spellcasting   | 2 3 4 |  4.1
Conjurations   | 3 4 |  4.2
Dodging        | |  1.3

Action                     |  1- 3 |  4- 6 |  7- 9 || total
---------------------------+-------+-------+-------++-------
  Melee: Hand axe          |   142 |   148 |    24 ||   314
  Throw: Dart              |     1 |     8 |       ||     9
   Cast: Sandblast         |       |       |    94 ||    94
         Stone Arrow       |       |       |     2 ||     2
 Invoke: Recall Ancestor   |       |     2 |     3 ||     5
         Ancestor Life: Kn |       |       |     1 ||     1
  Evoke: Wand              |       |     7 |     3 ||    10
    Use: Scroll            |       |     4 |       ||     4
         Potion            |       |       |     4 ||     4
   Stab: Paralysed         |       |    14 |       ||    14
 Armour: Ring mail         |   113 |    90 |    66 ||   269
         Leather armour    |     2 |       |       ||     2
  Dodge: Dodged            |    68 |    58 |    35 ||   161
  Block: Buckler           |    26 |    10 |     7 ||    43

Table legend: (Time is in decaauts)
 A = Elapsed time spent in this place.
 B = Non-inter-level travel time spent in this place.
 C = Inter-level travel time spent in this place.
 D = Time resting spent in this place.
 E = Time spent auto-exploring this place.
 F = Levels seen in this place.
 G = Mean time per level.
                   A        B        C        D        E       F      G
               +--------+--------+--------+--------+--------+-----+--------+
         Total |   5247 |   5008 |    239 |    381 |   3479 |   6 |  874.5 |
       Dungeon |   5247 |   5008 |    239 |    381 |   3479 |   6 |  874.5 |
               +--------+--------+--------+--------+--------+-----+--------+

Top non-repeatable levels by time:
     D:4: 1453 daAuts
     D:2: 1196 daAuts
     D:3: 1013 daAuts
     D:5: 896 daAuts
     D:1: 581 daAuts
     D:6: 105 daAuts
